 Dungeon Crawl Stone Soup version 0.21.1-1-g345015f (webtiles) character file.

412 prawnwizard the Digger (level 6, -4/32 HPs)
             Began as a Gargoyle Earth Elementalist on July 9, 2018.
             Slain by a wraith (11 damage)
             ... in an ossuary.
             The game lasted 00:05:42 (3621 turns).

prawnwizard the Digger (GrEE)                       Turns: 3621, Time: 00:05:43

Health: -4/32      AC:  8    Str: 12    XL:     6   Next: 90%
Magic:  7/13       EV: 12    Int: 17    God:
Gold:   121        SH:  0    Dex: 10    Spells: 8/14 levels left

rFire    . . .     SeeInvis .   a - +3 short sword (protect)
rCold    + . .     Gourm    .   (no shield)
rNeg     + . .     Faith    .   c - +1 robe
rPois    ∞         Spirit   .   (no helmet)
rElec    +         Reflect  .   (no cloak)
rCorr    .         Harm     .   o - +0 pair of gloves
MR       .....                  (no boots)
Stlth    ++........             (no amulet)
HPRegen  0.10/turn              u - ring of protection from cold
MPRegen  0.13/turn              (no ring)

@: very slightly contaminated, slowed, very slow
A: negative energy resistance 1, electricity resistance, unbreathing,
petrification resistance, rot immunity, AC +4
a: no special abilities


You were in an ossuary.
You were not hungry.

You visited 1 branch of the dungeon, and saw 4 of its levels.
You also visited: Ossuary.

You collected 121 gold pieces.

Inventory:

Hand Weapons
 a - a +3 short sword of protection (weapon)
Missiles
 b - 65 stones (quivered)
Armour
 c - a +1 robe (worn)
 o - a +0 pair of gloves (worn)
Jewellery
 u - a ring of protection from cold (left hand)
Wands
 k - a wand of flame (26)
 t - a wand of acid (7)
Scrolls
 g - 6 scrolls of remove curse
 h - 2 scrolls of fear
 j - 5 scrolls of enchant armour
 l - a scroll of identify
 q - a scroll of magic mapping {unknown}
 s - a scroll of amnesia {unknown}
 v - 2 scrolls of fog {unknown}
 w - a scroll of teleportation {unknown}
 x - a scroll of blinking {unknown}
Potions
 f - a potion of berserk rage {unknown}
 i - 4 potions of curing
 m - a potion of ambrosia {unknown}
 n - a potion of degeneration {unknown}
 r - 2 potions of agility {unknown}
 z - a potion of haste
 A - a potion of mutation {unknown}
Books
 e - a book of Geomancy

   Spells                             Type                      Level
   a - Sandblast                      Earth                        1
   b - Passwall                       Transmutation/Earth          2
   c - Stone Arrow                    Conjuration/Earth            3
   d - Petrify                        Transmutation/Earth          4
   e - Lee's Rapid Deconstruction     Earth                        5
 p - a book of Minor Magic

   Spells                             Type                      Level
   a - Magic Dart                     Conjuration                  1
   b - Blink                          Translocation                2
   c - Call Imp                       Summoning                    2
   d - Slow                           Hexes                        2
   e - Conjure Flame                  Conjuration/Fire             3
   f - Mephitic Cloud                 Conjuration/Poison/Air       3
Comestibles
 d - 6 rations


   Skills:
 - Level 1.5 Dodging
 - Level 2.1 Stealth
 + Level 4.8 Spellcasting
   Level 0.7 Transmutations
 + Level 6.8 Earth Magic


You had 8 spell levels left.
You knew the following spells:

 Your Spells              Type           Power        Failure   Level  Hunger
a - Sandblast             Erth           ####..       1%          1    None
b - Lee's Rapid Deconstr  Erth           ####......   24%         5    ######.


Dungeon Overview and Level Annotations

Branches:
Dungeon (4/15)
 Temple: D:4-7

Altars:
Uskayaw
Zin


Innate Abilities, Weirdness & Mutations

You are resistant to torment.
Your stone body is resilient. (AC +4)
You are immune to poison.
You resist negative energy. (rN+)
You are resistant to electric shocks. (rElec)
You can survive without breathing.
You are immune to petrification.
You are immune to rotting.


Message History

Casting: Sandblast
Confirm with . or Enter, or press ? or * to list all spells.
Aiming: Sandblast
Press: ? - help, Shift-Dir - straight line, f/p - wraith
Aim: a wraith (lightly damaged)
The blast of sand hits the wraith.
The wraith is lightly damaged.
b - 66 stones The wraith hits you!
* * * LOW HITPOINT WARNING * * *
Casting: Sandblast
Confirm with . or Enter, or press ? or * to list all spells.
Aiming: Sandblast
Press: ? - help, Shift-Dir - straight line, f/p - wraith
Aim: a wraith (lightly damaged)
The blast of sand hits the wraith.
The wraith is lightly damaged.
b - 65 stones The wraith completely misses you.
The wraith hits you!
You die...

###############
#.............#
#.@##.###.##'.#
#.#W#.# #.#)#.#
#.###.###.###.#
#.............#
#.............#
#.###.....###.#
#.#z#.....#z#.#
#.###.....###.#
#.............#


You could see a wraith.

Vanquished Creatures
  A wraith (Ossuary)
  3 wights (Ossuary)
  2 orc wizards (D:2)
  3 adders (D:2)
  An adder skeleton (D:4)
  2 adder zombies (Ossuary)
  2 dart slugs (D:2)
  4 leopard geckos
  5 orcs
  A ball python (D:3)
  3 bats
  4 giant cockroaches
  4 goblins
  6 hobgoblins
  8 kobolds
  2 quokkas
  2 ball python skeletons (Ossuary)
  4 frilled lizards
  A hobgoblin skeleton (Ossuary)
  2 hobgoblin zombies (Ossuary)
  6 rats
66 creatures vanquished.

Notes
Turn   | Place    | Note
-------+----------+-------------------------------------------
     0 | D:1      | prawnwizard the Gargoyle Earth Elementalist began the quest for the Orb.
     0 | D:1      | Reached XP level 1. HP: 10/10 MP: 3/3
   280 | D:1      | Reached skill level 4 in Earth Magic
   280 | D:1      | Reached XP level 2. HP: 14/15 MP: 3/5
   721 | D:1      | Reached XP level 3. HP: 19/19 MP: 6/6
  1235 | D:2      | Reached XP level 4. HP: 24/24 MP: 8/8
  1401 | D:2      | Reached skill level 5 in Earth Magic
  1760 | D:2      | Reached XP level 5. HP: 19/28 MP: 3/10
  1859 | D:2      | Learned a level 5 spell: Lee's Rapid Deconstruction
  2562 | D:3      | Found a glowing silver altar of Zin.
  2703 | D:4      | Found a hide-covered altar of Uskayaw.
  2735 | D:4      | Found a sand-covered staircase.
  2796 | Ossuary  | Entered an ossuary
  3024 | Ossuary  | Noticed a flying skull
  3024 | Ossuary  | Noticed a wraith
  3033 | Ossuary  | Noticed a flying skull
  3035 | Ossuary  | Noticed a flying skull
  3079 | Ossuary  | Reached skill level 6 in Earth Magic
  3079 | Ossuary  | Reached XP level 6. HP: 29/32 MP: 12/12
  3094 | Ossuary  | Noticed a wraith
  3102 | Ossuary  | Killed a wraith
  3614 | Ossuary  | Noticed a wraith
  3621 | Ossuary  | Slain by a wraith

Skill      XL: |  1  2  3  4  5 |
---------------+----------------+-----
Earth Magic    | 4 5 6 |  6.8
Spellcasting   | 3 4 |  4.8
Dodging        | |  1.5
Stealth        | |  2.1
Transmutations | |  0.7

Action                   |  1- 3 |  4- 6 || total
-------------------------+-------+-------++-------
Melee: Unarmed           |    19 |       ||    19
       Short sword       |    78 |   133 ||   211
 Cast: Sandblast         |    27 |    15 ||    42
  Use: Scroll            |       |     6 ||     6
 Stab: Sleeping          |     1 |     6 ||     7
  Eat: Chunk             |     1 |     5 ||     6
       Ration            |       |     1 ||     1
Armor: Robe              |    48 |    55 ||   103
Dodge: Dodged            |   112 |    71 ||   183
